Map: Alto de Lerilak

Players

Xandros - Winner!

  • Race: Zerg Zerg

IA (Medio) 1

  • Race: Zerg Zerg

VOD

Have the link to the VOD?

Description

Time

  • Played on: Nov. 18, 2015, 12:18 p.m.
  • Length: 10:31
Show
View Real Time Build Order
Export as new Build Order

Xandros Zerg - Winner!

Build Orders: Pool First 

Get SALT Encoding   

  12  0:03  Drone  
  13  0:11  Drone  
  14  0:17  Overlord  
  14  0:35  Spawning Pool  
  13  0:37  Drone  
  13  0:42  Drone  
  15  0:46  Drone  
  16  0:50  Drone  
  17  1:22  Hatchery, Queen  
  18  1:31  Drone  
  18  1:32  Drone  
  20  1:35  Overlord  
  20  1:43  Overlord  
  20  1:56  Extractor  
  19  2:06  Zergling x4  
  21  2:16  Queen  
  21  2:22  Drone  
  24  2:30  Extractor  
  24  2:32  Drone  
  24  2:35  Drone  
  25  2:37  Zergling x2  
  25  2:38  Zergling x2  
  25  2:42  Drone  
  28  3:11  Drone  
  29  3:13  Drone  
  29  3:14  Drone x2  
  32  3:20  Metabolic Boost  
  32  3:22  Lair  
  32  3:32  Roach Warren, Drone  
  32  3:33  Drone x2  
  34  3:37  Drone  
  34  3:38  Drone  
  34  3:41  Overlord x2  
  36  4:04  Drone x3  
  36  4:05  Drone  
  36  4:06  Drone  
  41  4:19  Roach x2  
  41  4:20  Roach x3  
  51  4:58  Hydralisk Den  
  51  4:59  Drone x3  
  53  5:05  Overlord x2  
  53  5:06  Overlord  
  53  5:07  Extractor x2  
  52  5:13  Roach x3  
  56  5:52  Hydralisk x3  
  56  5:53  Hydralisk x3  
  68  5:57  Lurker Den  
  68  6:18  Evolution Chamber  
  68  6:19  Hatchery  
  68  6:24  Drone x3  
  68  6:25  Infestation Pit  
  68  6:28  Roach  
  68  6:29  Roach x3  
  76  6:39  Burrow  
  76  6:41  Drone x3  
  75  7:02  Zergling x8  
  79  7:31  Overlord x3  
  79  7:34  Queen  
  81  7:42  Lurker  
  81  7:44  Lurker  
  81  7:46  Hydralisk x2, Roach  
  81  7:47  Roach  
  89  8:04  Drone x3  
  92  8:08  Muscular Augments  
  92  8:21  Overseer  
  90  8:41  Lurker  
  89  9:00  Drone x3  
  92  9:09  Hive  
  92  9:12  Drone  
  92  9:13  Drone x2  
  92  9:14  Drone x2  
  92  9:15  Overlord x2  
  92  9:16  Overlord x2  
Show
View Real Time Build Order
Export as new Build Order

IA (Medio) 1 Zerg 

Build Orders: Pool First 

Get SALT Encoding   

  12  0:00  Drone  
  13  0:12  Overlord  
  13  0:16  Drone  
  14  0:30  Drone  
  14  0:33  Drone  
  16  0:44  Spawning Pool  
  16  0:45  Drone  
  17  0:50  Drone  
  17  0:52  Extractor  
  17  0:55  Drone  
  17  1:05  Overlord  
  17  1:31  Queen, Zergling x2  
  20  1:37  Roach Warren  
  20  1:38  Drone  
  20  1:44  Extractor  
  20  1:46  Zergling x2  
  20  1:49  Drone  
  21  2:00  Drone  
  22  2:10  Overlord  
  22  2:21  Roach  
  24  2:36  Roach  
  26  2:37  Overlord  
  26  2:51  Roach  
  28  3:02  Drone  
  29  3:06  Drone, Roach  
  32  3:14  Overlord  
  32  3:19  Drone  
  33  3:21  Roach  
  33  3:22  Drone  
  36  3:30  Drone  
  37  3:40  Baneling Nest, Drone  
  37  3:42  Roach  
  37  3:43  Drone  
  37  3:47  Evolution Chamber  
  39  3:51  Drone  
  40  3:57  Roach  
  42  4:12  Roach  
  44  4:42  Zergling x2  
  44  5:45  Zergling x2  
  44  6:27  Lair, Drone, Overlord  
  44  6:29  Spore Crawler  
  44  6:30  Drone, Spore Crawler  
  44  6:33  Evolution Chamber, Drone  
  44  6:37  Hatchery  
  43  6:53  Spine Crawler, Zergling x2  
  43  6:54  Drone  
  42  6:55  Spine Crawler  
  42  6:57  Drone  
  26  7:05  Roach  
  28  7:17  Roach  
  30  7:24  Queen  
  30  7:25  Overseer x2  
  30  7:29  Roach  
  34  7:30  Hydralisk Den  
  34  7:33  Drone, Spire  
  34  7:35  Infestation Pit  
  34  7:36  Zergling x2  
  32  7:37  Drone  
  32  7:44  Zergling x2  
  30  7:48  Overlord, Overseer  
  29  7:51  Zergling x2  
  27  7:58  Zergling x2  
  27  8:00  Queen  
  27  8:05  Evolution Chamber  
  26  8:10  Roach  
  24  8:23  Roach  
  24  8:26  Overseer  
  17  8:42  Overlord  
  17  8:47  Roach  
  8  8:53  Drone  
  6  9:01  Hatchery  
  4  9:03  Drone  
    10:13  Drone  
Tags
 
Add a new tag
Caveats
  • Supply blocks, unpowered buildings, or Contaminate may cause inaccurate times.
  • Supply counts are checked every 10 seconds.